 Dungeon Crawl Stone Soup version 0.30-a0-585-g93115170b9 (webtiles) character file.

Game seed: 11230628102256758152

250 bmack86 the Trooper (level 5, -3/47 HPs)
             Began as a Minotaur Fighter on Jan 2, 2023.
             Killed from afar by Ijyb (22 damage)
             ... with a bolt of dispelling energy
             ... on level 4 of the Dungeon.
             The game lasted 00:06:23 (1996 turns).

bmack86 the Trooper (Minotaur Fighter)              Turns: 1996, Time: 00:06:23

Health: -3/47      AC:  7    Str: 22    XL:     5   Next: 88%
Magic:  4/4        EV:  9    Int:  5    God:
Gold:   138        SH:  5    Dex: 16    Spells: 4/4 levels left

rFire   x . .      SeeInvis .    a - +0 war axe
rCold   + . .      Faith    .    c - +0 buckler
rNeg    . . .      Spirit   .    b - +0 scale mail
rPois   .          Reflect  .    (helmet restricted)
rElec   .          Harm     .    (no cloak)
rCorr   .          Rampage  .    (no gloves)
Will    .....                    (no boots) Stlth
                                 (no amulet)
HPRegen 0.27/turn                l - +6 ring of dexterity
MPRegen 0.09/turn                e - ring of ice

@: lethally poisoned (-3 -> -7)
A: horns 2, retaliatory headbutt
a: no special abilities


You were on level 4 of the Dungeon.
You visited 1 branch of the dungeon, and saw 4 of its levels.

You collected 138 gold pieces.

Inventory:

Hand Weapons
 a - a +0 war axe (weapon)
Missiles
 j - 8 poisoned darts (quivered)
 u - 4 curare-tipped darts
Armour
 b - a +0 scale mail (worn)
 c - a +0 buckler (worn)
Jewellery
 e - a ring of ice (right hand)
 l - a +6 ring of dexterity (left hand)
 t - an amulet of faith
Wands
 p - a wand of polymorph (11)
Scrolls
 f - 2 scrolls of teleportation
 i - a scroll of enchant weapon {unknown}
 n - a scroll of fear {unknown}
 o - a scroll of vulnerability {unknown}
 r - a scroll of fog {unknown}
Potions
 d - a potion of might
 g - 3 potions of lignification
 h - 7 potions of curing
 k - a potion of berserk rage
 m - 3 potions of magic
 q - a potion of flight {unknown}
 s - a potion of mutation {unknown}


   Skills:
 + Level 4.7 Fighting
 * Level 4.7 Axes
 + Level 1.9 Throwing
 + Level 4.6 Armour
 + Level 4.6 Shields


You had 4 spell levels left.
You didn't know any spells.
Your spell library contained the following spells:

 Spells                   Type           Power      Damage    Failure   Level
 Foxfire                  Conj/Fire      0%         2x1d4     86%         1
 Ozocubu's Armour         Ice            0%         N/A       99%         3
 Fireball                 Conj/Fire      0%         3d3       100%        5
 Starburst                Conj/Fire      0%         6d3       100%        6
 Ozocubu's Refrigeration  Ice            0%         4d7       100%        7


Dungeon Overview and Level Annotations

Branches:
Dungeon (4/15)
 Temple: D:4-7

Altars:
Ru

Shops:
D:2 [

Annotations:
D:4 Ijyb


Innate Abilities, Weirdness & Mutations

You have a pair of horns on your head.
You reflexively headbutt those who attack you in melee.


Message History

a +0 short sword; a kobold corpse; a jackal corpse You see here a jackal corpse.
Things that are here:
a +0 short sword; a kobold corpse; a jackal corpse
q - a fuming green potion
Found 7 stones.
You see here 7 stones.
Things that are here:
a +0 short sword; a kobold corpse; a jackal corpse You see here a jackal corpse.
Found a stone staircase leading down.
Found 7 gold pieces.
There is a stone staircase leading down here.
You now have 135 gold pieces (gained 7).
Found 3 gold pieces.
Found a quarterstaff.
A scorpion comes into view.
Ijyb the Twisted Goblin comes into view.
She is wielding a +0 dagger and carrying a wand of quicksilver (8).
Ijyb shouts!
You see here 3 gold pieces.
You now have 138 gold pieces (gained 3).
The scorpion stings you.
You are poisoned.
The scorpion poisons you!
Ijyb zaps a wand.
The bolt of dispelling energy hits you!
You slash Ijyb!
Ijyb is heavily wounded.
You hit the scorpion.
You feel very sick.
The scorpion stings you but does no damage.
Ijyb zaps a wand.
The bolt of dispelling energy hits you! The scorpion closely misses you.
You slash Ijyb! You headbutt Ijyb.
Ijyb is almost dead.
You hit the scorpion but do no damage.
You feel sick. Ijyb barely misses you. The scorpion stings you.
Ijyb screams, "I no like you!"
Ijyb zaps a wand.
The bolt of dispelling energy hits you!!
You die...

#.###.##.#....#.#
## #.#
#.##.#....#.. ..
#.###....#.#..###
#.
#.##..##.#....#
#. #.#......#
#.##.#.#######
#.#...........
#.#....#######
#..@..........
#.sg###......#
.)...... ...#...
####.##..#.#.# ##
#. ..#.#... ..
..#.# ### ##.
..#.# #. ###


You could see Ijyb and a scorpion.

Vanquished Creatures
  An orc priest (D:3)
  Jessica (D:2)
  4 gnolls (D:3)
  6 adders
  4 worms
  A dart slug (D:1)
  7 orcs
  5 ball pythons
  5 endoplasms
  3 giant cockroaches
  8 goblins
  8 hobgoblins
  10 jackals
  7 bats
  7 frilled lizards
  A kobold (D:4)
  6 rats
84 creatures vanquished.

Notes
Turn   | Place    | Note
-------+----------+-------------------------------------------
     0 | D:1      | bmack86 the Minotaur Fighter began the quest for the Orb.
     0 | D:1      | Reached XP level 1. HP: 19/19 MP: 0/0
   164 | D:1      | Reached XP level 2. HP: 13/27 MP: 1/1
   361 | D:1      | Reached XP level 3. HP: 32/33 MP: 2/2
   895 | D:2      | Noticed Jessica
   901 | D:2      | Killed Jessica
   902 | D:2      | Reached skill level 1 in Throwing
   919 | D:2      | Found a sacrificial altar of Ru.
   927 | D:2      | Reached XP level 4. HP: 40/40 MP: 3/3
  1174 | D:2      | Found Zimmi's Antique Armour Shop.
  1451 | D:3      | Reached XP level 5. HP: 38/47 MP: 4/4
  1992 | D:4      | Noticed Ijyb
  1996 | D:4      | Killed from afar by Ijyb

Illustrated notes

Levels and vault maps discovered:
D:1:      sevenhm_arrival_forest_fort_large_4, layout_basic
D:2:      layout_loops_ring, serial_shops, nicolae_shop_trees, basic_altar,
          corexii_corridor_pit, uniq_jessica
D:3:      layout_rooms, serial_park_tiny_2
D:4:      layout_basic, nicolae_nh_oracle_at_delphi, uniq_ijyb, uniq_grinder,
          uniq_eustachio

Skill      XL: |  1  2  3  4 |
---------------+-------------+-----
Axes           | 3 4 |  4.7
Armour         | 4 |  4.6
Fighting       | 4 |  4.7
Shields        | 4 |  4.6
Throwing       | 1 |  1.9

Action                   |  1- 3 |  4- 6 || total
-------------------------+-------+-------++-------
Melee: War axe           |    64 |    85 ||   149
       Headbutt          |     9 |    12 ||    21
Throw: Dart              |     2 |     4 ||     6
  Use: Scroll            |     2 |     3 ||     5
Armor: Scale mail        |    53 |    51 ||   104
Dodge: Dodged            |    62 |    41 ||   103
Block: Buckler           |    27 |    21 ||    48

Table legend: (Time is in decaauts)
 A = Elapsed time spent in this place.
 B = Non-inter-level travel time spent in this place.
 C = Inter-level travel time spent in this place.
 D = Time resting spent in this place.
 E = Time spent auto-exploring this place.
 F = Levels seen in this place.
 G = Mean time per level.
                   A        B        C        D        E       F      G
               +--------+--------+--------+--------+--------+-----+--------+
         Total |   2051 |   1969 |     82 |      0 |   1058 |   4 |  512.8 |
       Dungeon |   2051 |   1969 |     82 |      0 |   1058 |   4 |  512.8 |
               +--------+--------+--------+--------+--------+-----+--------+

Top non-repeatable levels by time:
     D:1: 798 daAuts
     D:2: 603 daAuts
     D:3: 555 daAuts
     D:4: 94 daAuts
